AoeStats
← Cuervo

Socotra

504650470Analyzed
4v4 RM · 26d ago on Sep 6, 2026· 27m 36s· 8 players
Game mode
Random Map
Map size
148×148
Population
200
Speed
Normal
Resources
Standard
Victory
Conquest
Starting age
Dark Age
Ending age
Imperial Age
RankedLock teamsTeams togetherTeam positionsShared explorationLock speedFull tech treeHidden civsTurbo modeCheats
Victory
Defeat
🇨🇱 Vietnamese · Chile
1065
+12
🇦🇷 Koreans · Argentina
989
+15
🇦🇷 Byzantines · Argentina
959
+16
🇦🇷 Burgundians · Argentina
949
+17
🇲🇽 Ethiopians · Mexico
1000
-16
🇺🇸 Chinese · United States
982
-16
🇺🇸 Byzantines · United States
947
-14
🇲🇽 Cumans · Mexico
941
-14
vladimir
1:55 Loom
13:38 Feudal Age
15:05 Man-at-Arms
16:52 Wheelbarrow
16:23 Fletching
16:35 Padded Archer Armor
18:53 Arson
20:41 Forging
20:40 Scale Mail Armor
23:47 Double-Bit Axe
23:45 Horse Collar
PoppafoxTTV
0:50 Loom
11:18 Feudal Age
11:52 Double-Bit Axe
13:22 Wheelbarrow
13:53 Man-at-Arms
14:20 Horse Collar
I_N3wton
10:36 Feudal Age
14:27 Loom
14:49 Man-at-Arms
26:56 Castle Age
25:19 Scale Mail Armor
[SJS] rafaelgallegos
6:53 Loom
11:02 Feudal Age
16:41 Fletching
21:50 Padded Archer Armor
Cuervo
7:19 Loom
10:03 Feudal Age
11:30 Double-Bit Axe
16:04 Fletching
20:06 Horse Collar
25:13 Castle Age
24:29 Gold Mining
25:03 Stone Mining
25:29 Crossbowman
26:17 Thumb Ring
26:20 Bodkin Arrow
VZ | Thyrfing
1:15 Loom
11:09 Feudal Age
21:01 Horse Collar
21:16 Double-Bit Axe
22:07 Fletching
22:20 Padded Archer Armor
CasquetE
7:21 Loom
9:43 Feudal Age
11:00 Double-Bit Axe
19:51 Horse Collar
23:46 Castle Age
24:26 Scale Barding Armor
24:12 Fletching
24:27 Padded Archer Armor
24:39 Forging
24:57 Husbandry
25:10 Gold Mining
GenericSiren331
10:20 Feudal Age
9:43 Double-Bit Axe
17:28 Horse Collar
20:17 Heavy Plow
22:47 Scale Barding Armor
22:53 Forging
26:37 Castle Age
24:23 Loom
27:23 Husbandry
Connection lost

Rejoining the realm…

Still unreachable

The connection could not be restored.

Session expired

The server has moved on; the page needs a fresh start.